 Dungeon Crawl Stone Soup version 0.27-a0-1280-g9d2d252d84 (webtiles) character file.

Game seed: 12366406140714826236

16964 MordorOrchid the Nimble (level 12, -15/84 HPs)
             Began as a Djinni Earth Elementalist on June 13, 2021.
             Was a Priest of Makhleb.
             Killed by refrigeration
             ... invoked by Fannar
              (21 damage)
             ... on level 11 of the Dungeon.
             The game lasted 00:48:22 (15857 turns).

MordorOrchid the Nimble (DjEE)                     Turns: 15857, Time: 00:48:23

Health: -15/84     AC: 19    Str:  7    XL:     12   Next: 76%
Gold:   1033       EV: 32    Int: 20    God:    Makhleb [***...] SH:  8 Dex: 16

rFire    + + .     SeeInvis .   y - +8 dagger
rCold    x . .     Faith    .   M - +3 warlock's mirror {reflect}
rNeg     . . .     Spirit   .   U - +3 steam dragon scales
rPois    ∞         Reflect  +   v - +2 helmet
rElec    .         Harm     .   (no cloak)
rCorr    .         Rampage  .   (no gloves)
Will     +....                  (boots unavailable)
Stlth    ++........             Q - amulet of the acrobat
HPRegen  0.24/turn              p - +4 ring of protection
MPRegen  0.00/turn              I - +4 ring of protection

@: acrobatic, flying, studying Dodging
A: sickness immunity, fire resistance 2, cold vulnerability 1, float, innate
caster, hp casting, extra vitality 1
a: Renounce Religion, Minor Destruction, Lesser Servant of Makhleb


You were on level 11 of the Dungeon.
You worshipped Makhleb.
Makhleb was most pleased with you.
You visited 2 branches of the dungeon, and saw 12 of its levels.
You also visited: Gauntlet.

You collected 1033 gold pieces.

Inventory:

Hand Weapons
 j - a +0 hunting sling
 s - the +5 war axe of Eternal Vigilance {flame, +Rage rElec Dex+3 Stlth+}
   (You found it in a Gauntlet)

   It has been specially enchanted to burn those struck by it, causing extra
   injury to most foes and up to half again as much damage against particularly
   susceptible opponents.
   Big, fiery blades are also staple armaments of hydra-hunters.
   It affects your dexterity (+3).
   It insulates you from electricity.
   It lets you go berserk.
   It makes you more stealthy.
 y - a +8 dagger (weapon)
 N - a +0 hand crossbow
Missiles
 b - 294 stones
 c - 5 silver javelins
 d - 35 sling bullets
 g - 158 bolts
 k - a throwing net
 m - 228 arrows
 n - 12 silver boomerangs
 A - 17 boomerangs
 S - a curare-tipped dart (quivered)
 V - 39 poisoned darts
Armour
 v - a +2 helmet (worn)
 M - the +3 warlock's mirror (worn) {reflect}
   (You took it off a minotaur in a Gauntlet)
 U - +3 steam dragon scales (worn)
Magical Staves
 C - a staff of death
 J - a staff of conjuration
Jewellery
 p - a +4 ring of protection (left hand)
 x - a ring of see invisible
 D - a ring of positive energy
 I - a +4 ring of protection (right hand)
 L - a +6 ring of strength
 Q - an amulet of the acrobat (around neck)
Wands
 r - a wand of iceblast (3)
 O - a wand of flame (25)
 X - a wand of acid (7)
 Y - a wand of charming (11)
Scrolls
 f - a scroll of torment {unknown}
 h - 3 scrolls of magic mapping
 i - 5 scrolls of identify
 q - 5 scrolls of teleportation
 t - a scroll of fear
 w - a scroll of fog
 E - 2 scrolls of noise
 G - a scroll of enchant weapon
 H - a scroll of vulnerability {unknown}
 P - a scroll of summoning {unknown}
 R - a scroll of brand weapon {unknown}
 T - a scroll of blinking
Potions
 a - 2 potions of might
 e - 7 potions of heal wounds
 l - a potion of attraction {unknown}
 o - 2 potions of lignification
 u - 5 potions of ambrosia
 z - 4 potions of curing
 B - a potion of haste {unknown}
 F - 2 potions of mutation
 K - a potion of flight {unknown}
 Z - a potion of magic {unknown}


   Skills:
 * Level 6.7 Fighting
 * Level 7.0 Short Blades
 * Level 10.3 Dodging
 - Level 3.0 Stealth
 - Level 4.0 Shields
 + Level 9.9 Spellcasting
 * Level 5.7 Invocations
 * Level 5.5 Evocations


You had 2 spell levels left.
You knew the following spells:

 Your Spells              Type           Power      Damage    Failure   Level
a - Sandblast             Erth           98%        2d20      1%          1
b - Slow                  Hex            49%        N/A       1%          2
c - Gell's Gravitas       Tloc           24%        N/A       1%          3
d - Petrify               Tmut/Erth      49%        N/A       1%          4
f - Stone Arrow           Conj/Erth      98%        3d13      1%          3
v - Lee's Rapid Deconstr  Erth           24%        3d14*     3%          5
w - Passwall              Tmut/Erth      40%        N/A       1%          2
z - Apportation           Tloc           98%        N/A       1%          1
A - Confusing Touch       Hex            49%        N/A       1%          3
U - Animate Dead          Necr           24%        N/A       1%          4
Your spell library was empty.

Dungeon Overview and Level Annotations

Branches:
Dungeon (11/15)            Temple (1/1) D:6            Lair (0/6) D:8
Gauntlet (visited)
    Orc: D:9-12

Altars:
Ashenzari
Cheibriados
Dithmenos
Elyvilon
Fedhas
Gozag
Hepliaklqana
Kikubaaqudgha
Makhleb
Nemelex Xobeh
Okawaru
Qazlal
Ru
Sif Muna
Trog
Uskayaw
Vehumet
Wu Jian
Xom
Yredelemnul
Zin
The Shining One

Shops:
D:2 [   D:9 *

Annotations:
D:3 3 runed translucent doors, rymth's ghost, weakling DgFi
D:11 Fannar


Innate Abilities, Weirdness & Mutations

You are immune to sickness and miasma.
You are immune to poison.
Your flesh is very heat resistant. (rF++)
You are vulnerable to cold. (rC-)
You float through the air rather than walking.
You learn spells naturally, not from books.
Your magical power is your life essence.
You have superior vitality. (+4 HP)


Message History

The orc warrior is moving more slowly.
An orc skeleton comes into view.
Fannar the Cold-Hearted comes into view.
They are wielding a staff of cold and wearing a +1 robe of cold resistance.
Casting: Petrify (mildly dangerous; 1% risk of failure)
Confirm with . or Enter, or press ? or * to list all spells.
Aiming: Lee's Rapid Deconstruction (dangerous; 3% risk of failure)
Press: ? - help, Dir - move target, f/p - orc warrior Fragment what (e.g. wall or brittle monster)?: an orc warrior, wielding a +0 dire flail and wearing a +0 chain mail (petrifying slowly)
The orc warrior shatters!!
The orc warrior is severely wounded.
The blast of petrified fragments hits Fannar!
Fannar is moderately wounded.
Unknown command.
Casting: Lee's Rapid Deconstruction (dangerous; 3% risk of failure)
Confirm with . or Enter, or press ? or * to list all spells.
Aiming: Lee's Rapid Deconstruction (dangerous; 3% risk of failure)
Press: ? - help, Dir - move target, f/p - orc warrior Fragment what (e.g. wall or brittle monster)?: an orc warrior, wielding a +0 dire flail and wearing a +0 chain mail (severely wounded, petrifying slowly)
The orc warrior shatters!!
You blow up the orc warrior!
Makhleb accepts your kill.
The blast of petrified fragments hits Fannar!!
Fannar is heavily wounded.
The orc skeleton closely misses you.
Fannar casts a spell.
Fannar drains the heat from the surrounding environment!
You feel a terrible chill!
The orc skeleton is frozen.
The orc skeleton resists.
Unknown command.
Unknown command.
Fannar mumbles some strange words.
Fannar drains the heat from the surrounding environment!
You feel a terrible chill!
* * * LOW HITPOINT WARNING * * *
The orc skeleton is frozen.
The orc skeleton resists.
The orc skeleton is destroyed!
Fannar gestures wildly while chanting.
Fannar drains the heat from the surrounding environment!
You feel a terrible chill!
You die...

####.# ##..#
#.#####.#.##
#......###.#####
# #####.##
##....# ###.#
##.###.######.)e.
##.#.## ###..#
#...# #...#
#.#.####.###
#.#....@.#
#...#####.# #####
#<..# .# ....#
#...# .. ###.#
##..# .## #.#
#..#####.# #.#
#........# #.#
##.....#### #.#
#..........


You could see Fannar.

Vanquished Creatures
  A minotaur (Gauntlet)
  A boulder beetle (D:9)
  A hydra (D:9)
  2 centaur warriors
  2 two-headed ogres (D:9)
  A glowing orange brain (Gauntlet)
  2 ugly things
  A cyclops (D:9)
  A manticore (D:9)
  An efreet (Gauntlet)
  A kobold demonologist (D:10)
  A freezing wraith (D:9)
  A hornet (D:8)
  A troll (D:8)
  A slime creature (D:9)
  Sigmund (D:3)
  A vampire (D:9)
  A shadow (D:9)
  A wraith (D:9)
  6 yaks (D:8)
  3 fire elementals (Gauntlet)
  Grum (D:8)
  A basilisk (D:8)
  4 steam dragons
  4 wyverns
  3 vampire mosquitoes
  An acid dragon (D:8)
  6 water moccasins
  A hornet zombie (D:8)
  A hell hound (Gauntlet)
  3 sky beasts
  An ice beast (D:8)
  2 orc warriors
  A black bear (D:6)
  3 ogres
  4 wolves (D:8)
  A necrophage (D:6)
  5 centaurs
  3 kobold brigands
  9 bullfrogs
  A wyvern zombie (D:8)
  A scorpion (D:5)
  9 killer bees (D:9)
  9 wights
  4 howler monkeys
  2 centaur zombies
  5 hounds
  A jelly (D:7)
  3 orc priests
  2 iguanas (D:7)
  An orc wizard (D:5)
  A killer bee zombie (D:9)
  An ogre zombie (D:11)
  A hound skeleton (D:4)
  Robin (D:3)
  A howler monkey zombie (D:9)
  A howler monkey skeleton (D:7)
  3 adders
  5 white imps
  A howler monkey simulacrum (D:9)
  A worm (D:4)
  A dart slug (D:1)
  17 orcs
  6 endoplasms
  3 giant cockroaches
  13 goblins
  5 hobgoblins
  9 jackals
  3 quokkas (D:1)
  3 ball pythons
  7 bats
  6 frilled lizards
  22 kobolds
  An orc skeleton (D:11)
  5 orc zombies (D:11)
  4 rats
244 creatures vanquished.

Vanquished Creatures (others)
  2 orcs (D:11)
  An orc skeleton (D:11)
  4 bushes (D:8)
  A demonic plant (Gauntlet)
  8 fungi
  33 plants
49 creatures vanquished.

Grand Total: 293 creatures vanquished

Notes
Turn   | Place    | Note
-------+----------+-------------------------------------------
     0 | D:1      | MordorOrchid the Djinni Earth Elementalist began the quest
                  | for the Orb.
     0 | D:1      | Reached XP level 1. HP: 15/15 MP: 0/0
   135 | D:1      | Reached XP level 2. HP: 9/22 MP: 0/0
   925 | D:1      | Reached XP level 3. HP: 23/26 MP: 0/0
   925 | D:1      | Learned a level 1 spell: Apportation
  1812 | D:2      | Reached skill level 1 in Fighting
  1812 | D:2      | Reached XP level 4. HP: 30/32 MP: 0/0
  1923 | D:2      | Found a blossoming altar of Fedhas.
  2020 | D:2      | Found Woihon's Armour Shoppe.
  2820 | D:3      | Found a runed translucent gate.
  2820 | D:3      | Found a runed translucent gate.
  2822 | D:3      | Found a runed translucent gate.
  2825 | D:3      | Noticed rymth's ghost (weakling DgFi)
  2933 | D:3      | Noticed Robin
  2995 | D:3      | Killed Robin
  3307 | D:3      | Found a faded altar of an unknown god.
  3419 | D:3      | Reached XP level 5. HP: 36/37 MP: 0/0
  3419 | D:3      | Learned a level 2 spell: Slow
  3438 | D:3      | Noticed Sigmund
  3511 | D:3      | Killed Sigmund
  3512 | D:3      | Reached skill level 1 in Short Blades
  3512 | D:3      | Reached skill level 3 in Dodging
  3512 | D:3      | Reached skill level 1 in Shields
  3512 | D:3      | Reached XP level 6. HP: 19/42 MP: 0/0
  4306 | D:4      | Noticed an ogre
  4310 | D:4      | Killed an ogre
  4311 | D:4      | Reached XP level 7. HP: 42/48 MP: 0/0
  4311 | D:4      | Learned a level 3 spell: Gell's Gravitas
  4803 | D:5      | Entered Level 5 of the Dungeon
  5048 | D:5      | Reached skill level 4 in Dodging
  5578 | D:5      | Found a blossoming altar of Fedhas.
  5752 | D:5      | Found a broken altar of Ashenzari.
  5752 | D:5      | Found a sparkling altar of Nemelex Xobeh.
  5973 | D:6      | Reached XP level 8. HP: 45/55 MP: 0/0
  6171 | D:6      | Reached skill level 5 in Spellcasting
  7053 | D:6      | Found a staircase to the Ecumenical Temple.
  7265 | Temple   | Entered the Ecumenical Temple
  7365 | Temple   | Became a worshipper of Makhleb the Destroyer
  7717 | D:7      | Identified 2 scrolls of acquirement
  7717 | D:7      | Acquired a staff of conjuration
  7764 | D:7      | Reached XP level 9. HP: 55/61 MP: 0/0
  7764 | D:7      | Learned a level 3 spell: Confusing Touch
  7768 | D:7      | Reached skill level 5 in Dodging
  8468 | D:7      | Acquired a manual of Dodging
  8972 | D:8      | Reached skill level 1 in Invocations
  9075 | D:8      | Reached skill level 1 in Evocations
  9236 | D:8      | Reached skill level 6 in Dodging
  9345 | D:8      | Reached * piety under Makhleb
  9370 | D:8      | Reached XP level 10. HP: 41/68 MP: 0/0
  9766 | D:8      | Noticed Grum
  9782 | D:8      | Reached skill level 7 in Dodging
  9800 | D:8      | Killed Grum
 10315 | D:8      | Found a staircase to the Lair.
 10659 | D:8      | Reached skill level 5 in Short Blades
 10660 | D:8      | Noticed a centaur warrior
 10666 | D:8      | Killed a centaur warrior
 10667 | D:8      | Reached skill level 5 in Fighting
 10667 | D:8      | Reached skill level 8 in Dodging
 10667 | D:8      | Reached XP level 11. HP: 18/75 MP: 0/0
 10667 | D:8      | Learned a level 4 spell: Animate Dead
 11163 | D:9      | Noticed a centaur warrior
 11177 | D:9      | Killed a centaur warrior
 11362 | D:9      | Noticed a tengu warrior
 12058 | D:9      | Noticed a boulder beetle
 12089 | D:9      | Killed a boulder beetle
 12252 | D:9      | Noticed a cyclops
 12369 | D:9      | Reached ** piety under Makhleb
 12649 | D:9      | Reached skill level 9 in Dodging
 12651 | D:9      | Noticed a five-headed hydra
 12669 | D:9      | Noticed a two-headed ogre
 12676 | D:9      | Killed a two-headed ogre
 12677 | D:9      | Killed a five-headed hydra
 12995 | D:9      | Noticed a manticore
 13007 | D:9      | Killed a manticore
 13008 | D:9      | Reached XP level 12. HP: 67/83 MP: 0/0
 13222 | D:9      | Reached skill level 5 in Invocations
 13447 | D:9      | Found an iron altar of Okawaru.
 13595 | D:9      | Found Tishray's Elemental Accessories.
 13634 | D:9      | Noticed a two-headed ogre
 13648 | D:9      | Killed a two-headed ogre
 13649 | D:9      | Reached skill level 5 in Evocations
 14235 | D:10     | Entered Level 10 of the Dungeon
 14972 | D:10     | Reached *** piety under Makhleb
 15190 | D:11     | Found a gate leading to a gauntlet.
 15204 | Gauntlet | Entered a Gauntlet
 15204 | Gauntlet | Found a transporter.
 15207 | Gauntlet | Found a transporter.
 15210 | Gauntlet | Noticed a glowing orange brain
 15212 | Gauntlet | Found a transporter.
 15212 | Gauntlet | Found a transporter.
 15213 | Gauntlet | Found a transporter.
 15215 | Gauntlet | Found a transporter.
 15217 | Gauntlet | Noticed a catoblepas
 15234 | Gauntlet | Found a transporter.
 15234 | Gauntlet | Found a transporter.
 15250 | Gauntlet | Noticed a blizzard demon
 15252 | Gauntlet | Found a transporter.
 15269 | Gauntlet | Found a transporter.
 15273 | Gauntlet | Found a transporter.
 15282 | Gauntlet | Found a transporter.
 15336 | Gauntlet | Noticed a shock serpent
 15343 | Gauntlet | Noticed a satyr
 15343 | Gauntlet | a shock serpent changed into a satyr
 15389 | Gauntlet | Reached skill level 10 in Dodging
 15393 | Gauntlet | Killed a glowing orange brain
 15405 | Gauntlet | Identified the +0 hat of Juevefakae {Str+3}
 15601 | Gauntlet | Noticed a minotaur
 15611 | Gauntlet | Killed a minotaur
 15631 | Gauntlet | Identified the Tome of the Frostbite
 15631 | Gauntlet | Identified the +5 war axe of Eternal Vigilance {flame,
                  | +Rage rElec Dex+3 Stlth+}
 15853 | D:11     | Noticed Fannar
 15857 | D:11     | Killed from afar by Fannar

Illustrated notes

Levels and vault maps discovered:
D:1:      psy_arrival_radial02, layout_basic, minmay_misc_feat_columns
D:2:      minmay_angry_zag, layout_basic, basic_altar, serial_shops, shop
D:3:      layout_loops_ring, ebering_ecumenical_altar_abandoned,
          gammafunk_ghost_necromancy, uniq_robin, uniq_sigmund
D:4:      wander_river, layout_basic
D:5:      layout_cave_pools, minitemple, serial_rivers,
          chequers_serial_rivers_room_b, chequers_serial_rivers_large_b,
          chequers_serial_rivers_micro_b, chequers_serial_rivers_micro_d,
          chequers_serial_rivers_marsh
D:6:      layout_layer_cave, minmay_temple_entry_large_hall
D:7:      layout_gridville, lemuel_flame_loot_1
D:8:      layout_basic, minmay_lair_entry_grove, st_stairs_13,
          nicolae_water_bricks, minmay_tree_intersection, kennysheep_kite_vault,
          uniq_grum
D:9:      hangedman_cross_veins, layout_cave_pods, old_standard_altar,
          kennysheep_mini_moat, nicolae_elemental_shop
D:10:     layout_basic, minmay_unpleasant_kobolds
D:11:     layout_loops_ring, zombieorc1_lemuel, gauntlet_entry_generic,
          uniq_fannar
Temple:   eino_temple_scatter_basement

Skill      XL: |  1  2  3  4  5  6  7  8  9 10 11 12 |
---------------+-------------------------------------+-----
Spellcasting   | 3 4 5 6 8 9 |  9.9
Stealth        | 2 3 |  3.0
Fighting       | 1 2 3 4 5 6 |  6.7
Short Blades   | 1 2 3 5 6 7 |  7.0
Dodging        | 3 4 6 8 9 10 | 10.3
Shields        | 1 2 3 4 |  4.0
Invocations    | 1 3 4 5 |  5.7
Evocations     | 1 3 4 5 |  5.5

Action                   |  1- 3 |  4- 6 |  7- 9 | 10-12 || total
-------------------------+-------+-------+-------+-------++-------
Melee: Falchion          |     7 |       |       |       ||     7
       Short sword       |     7 |    53 |    14 |   100 ||   174
       Staff             |       |       |       |     2 ||     2
       Dagger            |       |       |       |    20 ||    20
 Fire: Hunting sling     |       |       |    22 |       ||    22
Throw: Boomerang         |       |       |     1 |       ||     1
       Dart              |       |       |       |     1 ||     1
 Cast: Sandblast         |    41 |    36 |    18 |    14 ||   109
       Stone Arrow       |       |     6 |   103 |    98 ||   207
       Passwall          |       |     1 |       |       ||     1
       Petrify           |       |       |     1 |    42 ||    43
       Lee's Rapid Decon |       |       |       |    52 ||    52
       Apportation       |       |       |       |     2 ||     2
       Gell's Gravitas   |       |       |       |     1 ||     1
       Animate Dead      |       |       |       |     2 ||     2
Evoke: Wand              |       |       |       |     3 ||     3
  Use: Scroll            |       |     5 |     8 |    12 ||    25
       Potion            |       |     1 |       |     2 ||     3
 Stab: Sleeping          |     5 |     3 |       |       ||     8
       Petrified         |       |       |     5 |    95 ||   100
       Petrifying        |       |       |     1 |     5 ||     6
Armor: Robe              |     4 |    34 |    20 |    15 ||    73
       Steam dragon scal |       |       |       |    10 ||    10
Dodge: Dodged            |    12 |    50 |    24 |    56 ||   142
Block: Buckler           |       |       |       |    16 ||    16
       Rpst.: Falchion   |     2 |       |       |       ||     2

Table legend: (Time is in decaauts)
 A = Elapsed time spent in this place.
 B = Non-inter-level travel time spent in this place.
 C = Inter-level travel time spent in this place.
 D = Time resting spent in this place.
 E = Time spent auto-exploring this place.
 F = Levels seen in this place.
 G = Mean time per level.
                   A        B        C        D        E       F      G
               +--------+--------+--------+--------+--------+-----+--------+
         Total |  15826 |  15231 |    595 |    860 |  12019 |  13 | 1217.4 |
       Dungeon |  15278 |  14694 |    584 |    718 |  12017 |  11 | 1388.9 |
        Temple |    110 |    100 |     10 |      0 |      2 |   1 |  110.0 |
      Gauntlet |    436 |    436 |      0 |    142 |      0 |   1 |  436.0 |
               +--------+--------+--------+--------+--------+-----+--------+

Top non-repeatable levels by time:
     D:9: 2601 daAuts
     D:8: 2514 daAuts
     D:6: 1536 daAuts
     D:3: 1475 daAuts
     D:7: 1473 daAuts
     D:2: 1230 daAuts
     D:1: 1190 daAuts
     D:5: 1164 daAuts
    D:10: 952 daAuts
     D:4: 913 daAuts
Gauntlet: 436 daAuts
    D:11: 225 daAuts
  Temple: 110 daAuts
